AoeStats
← Fiction

Arabia

508293288Analyzed
2v2 RM · 9d ago on Sep 21, 2026· 49m 8s· 4 players
Game mode
Random Map
Map size
Medium (4 player)
Population
200
Speed
Normal
Resources
Standard
Victory
Conquest
Starting age
Dark Age
Ending age
Imperial Age
RankedLock teamsTeams togetherTeam positionsShared explorationLock speedFull tech treeHidden civsTurbo modeCheats
Victory
Defeat
🇧🇷 Franks · Brazil
1439
+19
🇨🇭 Maya · Switzerland
1388
+20
🇨🇭 Magyars · Switzerland
1536
-21
🇨🇭 Ethiopians · Switzerland
1462
-18
Sun Tzu 1337
0:26 Loom
9:42 Feudal Age
10:13 Double-Bit Axe
13:16 Fletching
14:11 Padded Archer Armor
22:04 Horse Collar
25:31 Castle Age
27:10 Bow Saw
26:33 Crossbowman
27:26 Bodkin Arrow
30:32 Heavy Plow
31:12 Wheelbarrow
32:20 Ballistics
32:28 Leather Archer Armor
34:29 Thumb Ring
35:08 Hand Cart
39:56 Imperial Age
39:58 Arbalester
41:45 Chemistry
41:19 Bracer
41:50 Ring Archer Armor
44:06 Conscription
47:39 Elite Skirmisher
SirT_EdirMacedo
8:56 Feudal Age
9:27 Double-Bit Axe
9:53 Loom
11:09 Town Watch
16:42 Wheelbarrow
20:50 Castle Age
19:31 Forging
20:13 Scale Barding Armor
20:48 Gold Mining
22:17 Husbandry
24:20 Chain Barding Armor
27:53 Iron Casting
37:19 Fletching
47:08 Imperial Age
45:16 Hand Cart
46:32 Stone Mining
47:11 Cavalier
48:31 Plate Barding Armor
49:43 Blast Furnace
Fiction
6:33 Loom
9:12 Feudal Age
8:26 Loom
9:51 Double-Bit Axe
12:28 Fletching
21:57 Padded Archer Armor
24:58 Castle Age
23:11 Horse Collar
25:08 Gold Mining
25:39 Bodkin Arrow
26:02 Bow Saw
26:52 Crossbowman
29:22 Ballistics
32:01 Gold Shaft Mining
32:18 Leather Archer Armor
35:34 Thumb Ring
37:44 Wheelbarrow
45:15 Imperial Age
43:47 Hand Cart
43:44 Town Watch
44:02 Heavy Plow
46:07 Bracer
45:28 Arbalester
48:27 Two-Man Saw
48:04 Ring Archer Armor
48:56 Chemistry
Jiav
6:11 Loom
9:24 Feudal Age
10:25 Double-Bit Axe
17:07 Scale Barding Armor
17:03 Horse Collar
18:53 Bloodlines
24:21 Castle Age
22:49 Gold Mining
26:10 Husbandry
29:16 Chain Barding Armor
33:12 Heavy Plow
36:32 Stone Mining
43:18 Fletching
43:29 Padded Archer Armor
51:10 Imperial Age
Connection lost

Rejoining the realm…

Still unreachable

The connection could not be restored.

Session expired

The server has moved on; the page needs a fresh start.